 Dungeon Crawl Stone Soup version 0.21.1-1-g345015fe64 (webtiles) character file.

38 JarielCorvus the Magician (level 3, 0/19 HPs)
             Began as a Deep Elf Fire Elementalist on July 5, 2018.
             Succumbed to an adder's poison
             ... on level 2 of the Dungeon.
             The game lasted 00:03:08 (1345 turns).

JarielCorvus the Magician (DEFE)                    Turns: 1345, Time: 00:03:09

Health: 0/19       AC:  2    Str:  5    XL:     3   Next: 25%
Magic:  2/10       EV: 13    Int: 20    God:
Gold:   35         SH:  0    Dex: 15    Spells: 1/10 levels left

rFire    . . .     SeeInvis +   (no weapon)
rCold    . . .     Gourm    .   (no shield)
rNeg     . . .     Faith    .   a - +0 robe
rPois    .         Spirit   .   (no helmet)
rElec    .         Reflect  .   (no cloak)
rCorr    .         Harm     .   (no gloves)
MR       .....                  (no boots)
Stlth    ++........             (no amulet)
HPRegen  0.06/turn              j - ring of see invisible
MPRegen  0.12/turn              (no ring)

@: lethally poisoned (0 -> -5)
A: no striking features
a: no special abilities


You were on level 2 of the Dungeon.
You were not hungry.

You visited 1 branch of the dungeon, and saw 2 of its levels.

You collected 35 gold pieces.

Inventory:

Missiles
 e - 4 javelins of penetration (quivered)
 f - 82 stones
Armour
 a - a +0 robe (worn)
Jewellery
 j - a ring of see invisible (left hand)
Scrolls
 d - 5 scrolls of remove curse
Potions
 g - a potion of might {unknown}
 h - 2 potions of brilliance {unknown}
 i - a potion of flight {unknown}
Books
 b - a book of Flames

   Spells                             Type                      Level
   a - Flame Tongue                   Conjuration/Fire             1
   b - Throw Flame                    Conjuration/Fire             2
   c - Conjure Flame                  Conjuration/Fire             3
   d - Inner Flame                    Hexes/Fire                   3
   e - Sticky Flame                   Conjuration/Fire             4
   f - Fireball                       Conjuration/Fire             5
Comestibles
 c - 3 rations
 k - 2 chunks of flesh


   Skills:
 - Level 2.4 Dodging
 - Level 2.4 Stealth
 * Level 4.2 Spellcasting
 + Level 1.9 Conjurations
 + Level 3.7 Fire Magic


You had one spell level left.
You knew the following spells:

 Your Spells              Type           Power        Failure   Level  Hunger
a - Flame Tongue          Conj/Fire      ###..        3%          1    None
b - Throw Flame           Conj/Fire      ###...       6%          2    #......
c - Conjure Flame         Conj/Fire      ###.....     12%         3    ###....
d - Inner Flame           Hex/Fire       ##......     17%         3    ###....


Dungeon Overview and Level Annotations

Branches:
Dungeon (2/15)

Altars:
Elyvilon


Message History

Press: ? - help, Shift-Dir - straight line, f/p - adder
Aim: an adder The flame tongue hits the adder.
The adder is moderately wounded.
The adder bites you.
You are more poisoned.
The adder poisons you! The jackal barely misses you.
The adder closely misses you.
You feel sick. The jackal misses you.
You feel sick. The jackal bites you.
You feel sick. The adder bites you.
* * * LOW HITPOINT WARNING * * *
The jackal misses you.
Found a ration.
* * * LOW HITPOINT WARNING * * *
You feel sick. The jackal bites you.
* * * LOW HITPOINT WARNING * * *
A frilled lizard comes into view.
The jackal closely misses you.
You die...

#.##..... #รท).#
#...############## .#
.....................
..########..####.##.#
............##.#.##.#
...##.##.##.##<#.##.# #
...##.##.##<.#.#.##.#.# ##
...##.##.##..#.#@##.#.#...#
.####.##.###...#..h.....l.+
.'....##.# ##..####.#.#...
.####.##.# #..##...%.#
.##....#.#####.##S#.###
#......
.####..#....##.##.#+##
#...... .#
#(.####.##..#l...# #......
.# #..# #.##..#..).#
#...... .#
#..####.##..#....# #......


You could see a jackal (inner flame).

Vanquished Creatures
  An adder (D:2)
  A leopard gecko (D:1)
  4 giant cockroaches (D:1)
  3 goblins
  5 hobgoblins
  A jackal (D:2)
  3 kobolds (D:1)
  A bat (D:1)
  2 frilled lizards (D:1)
  5 rats
26 creatures vanquished.

Notes
Turn   | Place    | Note
-------+----------+-------------------------------------------
     0 | D:1      | JarielCorvus the Deep Elf Fire Elementalist began the quest for the Orb.
     0 | D:1      | Reached XP level 1. HP: 10/10 MP: 6/6
   318 | D:1      | Reached XP level 2. HP: 15/15 MP: 4/8
   328 | D:1      | Learned a level 2 spell: Throw Flame
   880 | D:2      | Reached skill level 4 in Spellcasting
   883 | D:2      | Found a white marble altar of Elyvilon.
   896 | D:2      | Reached XP level 3. HP: 14/19 MP: 5/10
  1204 | D:2      | Learned a level 3 spell: Conjure Flame
  1208 | D:2      | Learned a level 3 spell: Inner Flame
  1345 | D:2      | Succumbed to an adder's poison

Skill      XL: |  1  2 |
---------------+-------+-----
Spellcasting   | 4 |  4.2
Dodging        | |  2.4
Stealth        | |  2.4
Conjurations   | |  1.9
Fire Magic     | |  3.7

Action                   || total
-------------------------++-------
Throw: Javelin           ||    28
       Stone             ||     4
 Cast: Flame Tongue      ||    24
       Throw Flame       ||     4
       Inner Flame       ||     2
  Use: Scroll            ||     2
  Eat: Chunk             ||     1
Armor: Robe              ||     4
Dodge: Dodged            ||    17
